 Dungeon Crawl Stone Soup version 0.27-a0-1342-ga99462a43c (webtiles) character file.

Game seed: 16006513504361217642

115549 27snakeeyes612 the Severer (level 16, -2/151 HPs)
             Began as a Hill Orc Fighter on June 27, 2021.
             Was the Champion of Okawaru.
             Slain by an orc knight (9 damage)
             ... on level 2 of the Orcish Mines.
             The game lasted 00:36:50 (35190 turns).

27snakeeyes612 the Severer (Hill Orc Fighter)      Turns: 35190, Time: 00:36:50

Health: -2/151     AC: 37    Str: 29    XL:     16   Next: 69%
Magic:  17/22      EV: 12    Int: 12    God:    Okawaru [******]
Gold:   2245       SH:  5    Dex: 10    Spells: 15/15 levels left

rFire    + . .     SeeInvis .   N - +3 broad axe (elec)
rCold    . . .     Faith    .   (no shield)
rNeg     . . .     Spirit   .   Z - +10 plate armour "Jigum" {rPois Will+ Int+4}
rPois    +         Reflect  +   o - +1 helmet
rElec    .         Harm     +   A - scarf {harm}
rCorr    +         Rampage  .   G - +1 pair of gloves {Str+3}
Will     +++..                  v - +0 pair of boots
Stlth    ..........             C - amulet of reflection
HPRegen  0.35/turn              c - ring of Conformity {Drain rF+ Will+ AC+4 Stlth+}
MPRegen  0.18/turn              b - ring "Urigosau" {rCorr EV+4}

@: finesse-ful
A: no striking features
a: Renounce Religion, Convert to Beogh, Heroism, Finesse


You were on level 2 of the Orcish Mines.
You worshipped Okawaru.
Okawaru was exalted by your worship.
You visited 4 branches of the dungeon, and saw 24 of its levels.
You also visited: Volcano.

You collected 2582 gold pieces.
You spent 337 gold pieces at shops.

Inventory:

Hand Weapons
 p - the +7 hunting sling "Heneecea" {venom, Int+5}
   (You found it on level 4 of the Dungeon)

   It poisons the ammo it fires.
   It affects your intelligence (+5).
 N - a +3 broad axe of electrocution (weapon)
Missiles
 h - 5 curare-tipped darts
 q - 601 stones (quivered)
 y - 2 throwing nets
 D - 27 sling bullets
Armour
 n - a +2 cloak of poison resistance
 o - a +1 helmet (worn)
 v - a +0 pair of boots (worn)
 A - a scarf of harm (worn)
 E - a +1 hat of willpower
 G - a +1 pair of gloves of strength (worn)
 Z - the +10 plate armour "Jigum" (worn) {rPois Will+ Int+4}
   (You found it on level 2 of the Lair of Beasts)

   It affects your intelligence (+4).
   It protects you from poison.
   It increases your willpower.
Jewellery
 b - the ring "Urigosau" (right hand) {rCorr EV+4}
   (You took it off a kobold demonologist on level 12 of the Dungeon)

   [ring of evasion]

   It affects your evasion (+4).
   It protects you from acid and corrosion.
 c - the ring of Conformity (left hand) {Drain rF+ Will+ AC+4 Stlth+}
   (You acquired it on level 13 of the Dungeon)

   [ring of protection]

   It affects your AC (+4).
   It protects you from fire.
   It drains your maximum health when unequipped.
   It increases your willpower.
   It makes you more stealthy.
 k - a +6 ring of dexterity
 B - a ring of positive energy
 C - an amulet of reflection (around neck)
 F - a ring of flight
 M - a ring of poison resistance
 O - a ring of magical power
 Q - a ring of protection from fire
 T - a +4 ring of protection
 U - a ring of see invisible
Wands
 l - a wand of digging (10)
 m - a wand of paralysis (13)
 t - a wand of charming (19)
 x - a wand of iceblast (22)
 V - a wand of mindburst (9)
 Y - a wand of flame (21)
Scrolls
 d - 3 scrolls of identify
 e - 3 scrolls of noise
 g - 14 scrolls of teleportation
 r - 2 scrolls of amnesia
 s - a scroll of magic mapping
 L - 3 scrolls of blinking
 P - a scroll of holy word
Potions
 a - a potion of resistance
 f - 4 potions of lignification
 i - 2 potions of heal wounds
 j - 3 potions of ambrosia
 u - 3 potions of haste
 w - a potion of cancellation
 z - a potion of might
 H - a potion of magic
 I - 6 potions of curing
 J - a potion of flight
 R - 4 potions of berserk rage
 S - 2 potions of brilliance
 W - a potion of mutation
 X - a potion of attraction
Miscellaneous
 K - a lightning rod (4/4)


   Skills:
 + Level 15.8 Fighting
 + Level 16.9 Axes
 + Level 12.0 Slings
 + Level 14.8 Armour
 - Level 5.2 Shields
 - Level 8.3 Invocations
 - Level 10.5 Evocations


You had 15 spell levels left.
You didn't know any spells.
Your spell library contained the following spells:

 Spells                   Type           Power      Damage    Failure   Level
 Animate Skeleton         Necr           0%         N/A       88%         1
 Apportation              Tloc           0%         N/A       88%         1
 Corona                   Hex            0%         N/A       88%         1
 Freeze                   Ice            0%         1d3       88%         1
 Pain                     Necr           0%         1d4       88%         1
 Summon Small Mammal      Summ           0%         N/A       88%         1
 Ensorcelled Hibernation  Hex/Ice        0%         N/A       96%         2
 Poisonous Vapours        Pois/Air       0%         N/A       96%         2
 Confusing Touch          Hex            0%         N/A       99%         3
 Dazzling Flash           Conj/Hex       0%         N/A       99%         3
 Frozen Ramparts          Ice            0%         1d2       99%         3
 Gell's Gravitas          Tloc           0%         N/A       99%         3
 Ozocubu's Armour         Ice            0%         N/A       99%         3
 Tukima's Dance           Hex            0%         N/A       99%         3
 Animate Dead             Necr           0%         N/A       100%        4
 Dispel Undead            Necr           0%         3d6       100%        4
 Hailstorm                Conj/Ice       0%         3d3       100%        4
 Petrify                  Tmut/Erth      0%         N/A       100%        4
 Alistair's Intoxication  Tmut/Pois      0%         N/A       100%        5
 Metabolic Englaciation   Hex/Ice        0%         N/A       100%        5
 Yara's Violent Unravell  Hex/Tmut       0%         3d3       100%        5


Dungeon Overview and Level Annotations

Branches:
Dungeon (15/15)            Temple (1/1) D:5            Lair (6/6) D:8
  Swamp (0/4) Lair:3        Snake (0/4) Lair:4        Slime (0/5) Lair:6
    Orc (2/2) D:9             Elf (0/3) Orc:2        Vaults (0/5) D:13
 Depths (0/5) D:15        Volcano (visited)

Altars:
Ashenzari
Cheibriados
Dithmenos
Elyvilon
Fedhas
Gozag
Hepliaklqana
Kikubaaqudgha
Makhleb
Nemelex Xobeh
Okawaru
Qazlal
Ru
Sif Muna
Trog
Uskayaw
Vehumet
Wu Jian
Xom
Yredelemnul
Zin
The Shining One
Beogh
Jiyva

Shops:
D:7 :   D:12 ?   Orc:2 :

Annotations:
D:11 1 runed translucent door, hemabe71's ghost, journeyman HuAr
D:13 exclusion: downstairs
Orc:2 Saint Roka


Message History

You are too injured to fight recklessly!
You are too injured to fight recklessly!
You are too injured to fight recklessly!
You are too injured to fight recklessly!
You are too injured to fight recklessly!
You are too injured to fight recklessly!
You are too injured to fight recklessly!
You are too injured to fight recklessly!
You are too injured to fight recklessly!
You are too injured to fight recklessly!
You are too injured to fight recklessly!
You are too injured to fight recklessly!
You are too injured to fight recklessly!
You are too injured to fight recklessly!
You are too injured to fight recklessly!
You are too injured to fight recklessly!
You are too injured to fight recklessly!
You are too injured to fight recklessly!
You are too injured to fight recklessly!
You are too injured to fight recklessly!
You are too injured to fight recklessly!
You are too injured to fight recklessly!
You are too injured to fight recklessly!
You are too injured to fight recklessly!
The +7 hunting sling "Heneecea" {venom, Int+5} stops dripping with poison.
You hear the crackle of electricity.
N - a +3 broad axe of electrocution (weapon)
The orc knight hits you with a +0 vorpal great sword!
Saint Roka shouts, "Surrender to Beogh and we'll let you live!"
Press: ? - help, v - describe, . - travel, g - get item
Here: Saint Roka, wielding a +3 arbalest of flaming, wearing a +0 plate armour and quivering bolts (moderately wounded, strong, very poisoned) Item here: 7 sling bullets.
The floor, spattered with blood.
You can now deal lightning-fast blows.
Saint Roka invokes the aid of Beogh against you.
Beogh smites you!
* * * LOW HITPOINT WARNING * * *
The orc knight hits you with a +0 vorpal great sword!!
* * * LOW HITPOINT WARNING * * *
You die...

..........
(.(...._....(...........
......)(....).. .....
.((...(...... #...^
#)...(.(.(# #.... .((.(((..
##... #))o).# ##.. #.().)#
##### #.)@o.# ####.###
####8.))8#### #.#...#.
.####..#(()(.##.####....##.
..........))(...............
...........)..(........#....
.............(........###...
......................####.#
......#................# ###
#.......#...............###.##


You could see Saint Roka (strong, very poisoned) and an orc knight (strong,
extremely poisoned).

Vanquished Creatures
  Rupert (Lair:5)
  An orc warlord (Orc:1)
  Nessos (D:15)
  Snorg (Lair:5)
  A fire dragon (Lair:6)
  Josephine (D:13)
  Harold (Orc:1)
  10 hydras
  2 death knights
  A catoblepas (Lair:5)
  7 boulder beetles
  5 centaur warriors
  6 two-headed ogres
  A dancing weapon (Volcano)
  A vampire mage (D:14)
  10 death yaks
  A tengu warrior (D:14)
  2 orc high priests (Orc:2)
  A deep elf knight (D:14)
  Sonja (Lair:6)
  Nergalle (Orc:2)
  2 skeletal warriors (D:15)
  A lindwurm (Lair:6)
  5 wizards (Volcano)
  4 orc knights
  4 necromancers
  17 ugly things
  2 deep elf pyromancers (D:14)
  6 cyclopes
  4 manticores
  3 oklob plants
  3 orc sorcerers
  5 toenail golems (Volcano)
  8 elephants
  Joseph (Lair:1)
  7 black mambas
  A torpor snail (Lair:3)
  3 molten gargoyles (Lair:6)
  14 cane toads
  3 gargoyles
  A yaktaur (D:15)
  12 komodo dragons
  3 kobold demonologists
  2 tengu conjurers (D:10)
  15 rime drakes
  3 freezing wraiths
  5 polar bears
  8 trolls
  12 blink frogs
  A hornet (shapeshifter) (D:15)
  2 spriggan zombies (D:15)
  13 slime creatures
  Sigmund (D:3)
  2 redbacks (D:9)
  3 shadows
  An ice dragon skeleton (D:15)
  A water elemental (D:14)
  6 wraiths
  9 wyverns
  28 yaks
  A vampire (D:11)
  A fire bat (shapeshifter) (D:15)
  Menkaure (D:6)
  14 steam dragons
  6 basilisks
  15 vampire mosquitoes
  An acid dragon (D:12)
  6 wargs
  A naga (Lair:4)
  14 water moccasins
  5 hell hounds (Lair:6)
  2 black bears
  39 orc warriors
  A human skeleton (D:15)
  An ice beast (D:6)
  A sky beast (D:8)
  8 ogres
  13 wolves
  18 centaurs
  2 phantoms
  4 kobold brigands
  9 bullfrogs
  2 gnoll sergeants
  A water moccasin zombie (D:6)
  A troll zombie (D:9)
  4 killer bees (D:8)
  5 wights
  5 howler monkeys
  4 electric eels
  A bullfrog zombie (D:5)
  5 lava snakes (Lair:6)
  5 centaur zombies
  2 hounds
  A centaur skeleton (D:4)
  17 orc priests
  Ijyb (D:2)
  An iguana (D:5)
  22 orc wizards
  A killer bee zombie (D:8)
  7 ogre zombies (D:9)
  2 howler monkey zombies
  9 adders
  12 gnolls
  4 shadow imps
  A white imp (D:6)
  4 worms
  6 dart slugs
  98 orcs
  3 ball pythons
  4 endoplasms
  2 giant cockroaches
  5 goblins
  5 hobgoblins
  13 jackals
  5 quokkas
  9 bats
  4 frilled lizards
  2 goblin skeletons (D:9)
  A goblin zombie (D:9)
  A hobgoblin skeleton (D:9)
  4 hobgoblin zombies (D:9)
  20 kobolds
  2 orc skeletons (D:9)
  15 orc zombies (D:9)
  9 rats
765 creatures vanquished.

Vanquished Creatures (others)
  14 fungi
  47 plants
  A withered plant (D:15)
62 creatures vanquished.

Grand Total: 827 creatures vanquished

Notes
Turn   | Place    | Note
-------+----------+-------------------------------------------
     0 | D:1      | 27snakeeyes612 the Hill Orc Fighter began the quest for the
                  | Orb.
     0 | D:1      | Reached XP level 1. HP: 19/19 MP: 1/1
   272 | D:1      | Reached XP level 2. HP: 21/27 MP: 2/2
   337 | D:1      | Found a faded altar of an unknown god.
   570 | D:1      | Reached skill level 3 in Axes
   801 | D:1      | Reached XP level 3. HP: 27/33 MP: 3/3
  1449 | D:2      | Reached XP level 4. HP: 40/40 MP: 4/4
  2262 | D:3      | Noticed Ijyb
  2283 | D:2      | Killed Ijyb
  2284 | D:2      | Reached skill level 4 in Axes
  2284 | D:2      | Reached XP level 5. HP: 35/47 MP: 5/5
  2382 | D:3      | Noticed a shadow
  2383 | D:3      | Found a shadowy altar of Dithmenos.
  2384 | D:3      | Found a hazy altar of Hepliaklqana.
  2693 | D:3      | Found a glowing golden altar of the Shining One.
  2738 | D:3      | Noticed Sigmund
  2751 | D:3      | Killed Sigmund
  2752 | D:3      | Reached skill level 5 in Fighting
  2752 | D:3      | Reached XP level 6. HP: 16/56 MP: 6/6
  3150 | D:3      | Found a bloodstained altar of Trog.
  3288 | D:3      | Reached skill level 5 in Axes
  3507 | D:4      | Reached skill level 5 in Shields
  3685 | D:4      | Identified the +7 hunting sling "Heneecea" {venom, Int+5}
  3712 | D:4      | Reached skill level 5 in Armour
  3712 | D:4      | Reached XP level 7. HP: 40/61 MP: 7/7
  4714 | D:4      | Reached skill level 1 in Slings
  4753 | D:4      | Found a broken altar of Ashenzari.
  4753 | D:4      | Found a blossoming altar of Fedhas.
  4753 | D:4      | Found an iron altar of Okawaru.
  5123 | D:5      | Entered Level 5 of the Dungeon
  5140 | D:5      | Reached skill level 6 in Axes
  5234 | D:5      | Reached XP level 8. HP: 34/70 MP: 8/8
  5434 | D:5      | Found a shimmering altar of Xom.
  5618 | D:5      | Found a staircase to the Ecumenical Temple.
  5651 | Temple   | Entered the Ecumenical Temple
  5916 | D:4      | Became a worshipper of Warmaster Okawaru
  6159 | D:5      | Found a shimmering altar of Xom.
  6163 | D:5      | Found a shimmering altar of Xom.
  6959 | D:6      | Reached skill level 7 in Axes
  7217 | D:6      | Noticed Menkaure
  7224 | D:6      | Killed Menkaure
  7224 | D:6      | Reached * piety under Okawaru
  7351 | D:6      | Reached XP level 9. HP: 79/79 MP: 9/9
  7919 | D:7      | Reached skill level 8 in Axes
  8130 | D:7      | Found Qiusk's Book Shop.
  8189 | D:7      | Found a sparkling altar of Nemelex Xobeh.
  8549 | D:7      | Found a glowing silver altar of Zin.
  8742 | D:8      | Noticed an elephant
  8755 | D:8      | Reached ** piety under Okawaru
  8764 | D:8      | Killed an elephant
  8855 | D:8      | Found a staircase to the Lair.
  9016 | D:8      | Reached skill level 9 in Axes
  9666 | D:8      | Reached skill level 5 in Slings
  9672 | D:8      | Reached *** piety under Okawaru
 10729 | D:9      | Reached XP level 10. HP: 91/91 MP: 10/10
 10870 | D:9      | Found a runed translucent door.
 11060 | D:9      | Found a stormy altar of Qazlal.
 11242 | D:9      | Found a staircase to the Orcish Mines.
 11256 | D:9      | Reached skill level 10 in Axes
 11528 | D:9      | Received a gift from Okawaru
 12268 | D:9      | Found a snail-covered altar of Cheibriados.
 12585 | D:9      | Noticed a boulder beetle
 12595 | D:9      | Killed a boulder beetle
 12595 | D:9      | Reached **** piety under Okawaru
 12595 | D:9      | Received a gift from Okawaru
 12596 | D:9      | Reached skill level 10 in Fighting
 12914 | D:10     | Entered Level 10 of the Dungeon
 13269 | D:10     | Reached XP level 11. HP: 101/101 MP: 11/11
 13411 | D:10     | Noticed a two-headed ogre
 13418 | D:10     | Killed a two-headed ogre
 13419 | D:10     | Reached skill level 11 in Axes
 13549 | D:10     | Reached ***** piety under Okawaru
 14158 | D:11     | Received a gift from Okawaru
 14159 | D:11     | Reached skill level 1 in Invocations
 14161 | D:11     | Reached skill level 10 in Armour
 14296 | D:11     | Found a shimmering altar of Xom.
 14296 | D:11     | Noticed a +2 morningstar of chaos
 14296 | D:11     | Noticed hemabe71's ghost (journeyman HuAr)
 14297 | D:11     | Found a runed translucent door.
 14778 | D:11     | Received a gift from Okawaru
 15232 | D:11     | Identified a scroll of acquirement
 15232 | D:11     | Acquired a +1 pair of gloves of strength
 15331 | D:11     | Reached skill level 1 in Evocations
 15667 | D:12     | Found Takliez's Magic Scroll Shop.
 15676 | D:12     | Bought a scroll of blinking for 112 gold pieces
 15676 | D:12     | Bought a scroll of teleportation for 45 gold pieces
 15676 | D:12     | Bought a scroll of teleportation for 45 gold pieces
 15676 | D:12     | Bought a scroll of teleportation for 45 gold pieces
 15676 | D:12     | Bought 2 scrolls of teleportation for 90 gold pieces
 15883 | D:12     | Noticed a manticore
 15888 | D:12     | Killed a manticore
 15945 | D:12     | Received a gift from Okawaru
 16083 | D:12     | Identified the ring "Urigosau" {rCorr EV+4}
 16112 | D:12     | Noticed a white ugly thing
 16125 | D:12     | Killed a white ugly thing
 16166 | D:12     | Noticed a two-headed ogre
 16172 | D:12     | Killed a two-headed ogre
 16173 | D:12     | Reached skill level 12 in Axes
 16173 | D:12     | Reached XP level 12. HP: 41/110 MP: 12/15
 16173 | D:12     | Noticed a two-headed ogre
 16180 | D:12     | Killed a two-headed ogre
 16221 | D:12     | Reached skill level 5 in Invocations
 16521 | D:12     | Received a gift from Okawaru
 16546 | D:12     | Noticed a death knight
 17154 | D:12     | Received a gift from Okawaru
 17546 | D:12     | Killed a death knight
 18107 | D:12     | Identified the +4 chain mail of the Little Devil {*Slow
                  | rElec rC+ Dex+2} (Okawaru gifted it to you on level 12 of
                  | the Dungeon)
 18107 | D:12     | Received a gift from Okawaru
 18336 | D:13     | Acquired the ring of Conformity {Drain rF+ Will+ AC+4
                  | Stlth+}
 18392 | D:13     | Noticed a seven-headed hydra
 18395 | D:13     | Killed a seven-headed hydra
 18490 | D:13     | Reached skill level 13 in Axes
 18509 | D:13     | Reached skill level 5 in Evocations
 18865 | D:13     | Noticed Josephine
 18877 | D:13     | Killed Josephine
 18878 | D:13     | Reached XP level 13. HP: 112/118 MP: 12/18
 19356 | D:13     | Found a gate to the Vaults.
 20619 | D:14     | Reached ****** piety under Okawaru
 20706 | D:14     | Received a gift from Okawaru
 22145 | D:14     | Received a gift from Okawaru
 22167 | D:14     | Reached skill level 14 in Axes
 22190 | D:14     | Received a gift from Okawaru
 22423 | D:14     | Reached XP level 14. HP: 129/129 MP: 12/20
 22949 | D:14     | Identified the +8 spear of Simianog {pain, Drain rPois rF+}
                  | (Okawaru gifted it to you on level 14 of the Dungeon)
 22949 | D:14     | Received a gift from Okawaru
 23640 | D:15     | Entered Level 15 of the Dungeon
 23694 | D:15     | Reached skill level 10 in Slings
 24036 | D:15     | Noticed Nessos
 24040 | D:15     | Killed Nessos
 24386 | D:15     | Received a gift from Okawaru
 24523 | D:15     | Found a staircase to the Depths.
 24948 | D:15     | Received a gift from Okawaru
 25410 | Lair:1   | Entered Level 1 of the Lair of Beasts
 25458 | Lair:1   | Noticed Joseph
 25465 | Lair:1   | Killed Joseph
 25739 | Lair:1   | Identified the ring "Usuyk" {Will- Str+3 Slay+3 SInv
                  | Stlth+}
 25994 | Lair:1   | Identified the +4 ring mail of the Realm of Zot {rElec
                  | Will++ Regen+ Str+4} (Okawaru gifted it to you on level 1
                  | of the Lair of Beasts)
 25994 | Lair:1   | Received a gift from Okawaru
 25995 | Lair:1   | Reached skill level 15 in Axes
 26654 | Lair:2   | You fall into a shaft and drop 1 floor!
 27047 | Lair:3   | Reached XP level 15. HP: 138/138 MP: 21/21
 27956 | Lair:3   | Found a staircase to the Swamp.
 28538 | Lair:2   | Received a gift from Okawaru
 28966 | Lair:2   | Identified the Tome of Evil and Contamination
 28974 | Lair:2   | Identified the +10 plate armour "Jigum" {rPois Will+ Int+4}
 29327 | Lair:4   | Received a gift from Okawaru
 29520 | Lair:4   | Found a staircase to the Snake Pit.
 30260 | Lair:5   | Noticed Snorg
 30269 | Lair:5   | Killed Snorg
 30269 | Lair:5   | Received a gift from Okawaru
 30680 | Lair:5   | Noticed Rupert
 30701 | Lair:5   | Killed Rupert
 31581 | Lair:6   | Entered Level 6 of the Lair of Beasts
 31608 | Lair:6   | Identified the +6 war axe "Earthworm" {holy, Str+7}
                  | (Okawaru gifted it to you on level 6 of the Lair of Beasts)
 31608 | Lair:6   | Received a gift from Okawaru
 31651 | Lair:6   | Reached skill level 16 in Axes
 31717 | Lair:6   | Found a dark tunnel.
 31726 | Volcano  | Entered a volcano
 31769 | Volcano  | Reached skill level 15 in Fighting
 32123 | Lair:6   | Reached XP level 16. HP: 122/149 MP: 22/22
 32303 | Lair:6   | Reached skill level 10 in Evocations
 32469 | Lair:6   | Found a large runed translucent door.
 32469 | Lair:6   | Found a large runed translucent door.
 32746 | Lair:6   | Received a gift from Okawaru
 32760 | Lair:6   | Noticed Sonja
 32771 | Lair:6   | Killed Sonja
 33038 | Lair:6   | Found a viscous altar of Jiyva.
 33038 | Lair:6   | Found a staircase to the Slime Pits.
 33120 | Lair:6   | Received a gift from Okawaru
 33811 | Orc:1    | Entered Level 1 of the Orcish Mines
 34033 | Orc:1    | Noticed Harold
 34052 | Orc:1    | Killed Harold
 34572 | Orc:2    | Entered Level 2 of the Orcish Mines
 34763 | Orc:2    | Found a staircase to the Elven Halls.
 34935 | Orc:2    | Found Dips's Book Shoppe.
 35055 | Orc:2    | Noticed Nergalle
 35069 | Orc:2    | Killed Nergalle
 35148 | Orc:2    | Found a roughly hewn altar of Beogh.
 35164 | Orc:2    | Noticed Saint Roka
 35190 | Orc:2    | HP: 7/151 [orc knight (33)]
 35190 | Orc:2    | Slain by an orc knight

Illustrated notes

Levels and vault maps discovered:
D:1:      evilmike_arrival_fibonacci_small, layout_basic,
          chequers_ecumenical_altar_island, bh_walls_and_bars
D:2:      layout_loops_ring
D:3:      layout_basic, riverfiend_overflow_shadow_ancestor,
          general_overflow_altar, nicolae_tso_swordbearing_angel,
          uniq_crazy_yiuf_cottage, uniq_sigmund, uniq_ijyb
D:4:      layout_basic, chequers_temple_overflow_statue_of_worship,
          chequers_garden
D:5:      layout_loops_ring, xom_redecorated,
          minmay_temple_entry_gardened_gates, hangedman_decor_riveting,
          nicolae_underground_beach
D:6:      layout_basic, uniq_menkaure
D:7:      layout_cave_pools, lemuel_doored_altar, kennysheep_mini, serial_shops,
          shop, minivault_10, minivault_4
D:8:      layout_basic, david_lair_generic
D:9:      gammafunk_indiana_jones, layout_basic, slow_altar_1,
          nicolae_qazlal_style_of_elements, zombieorc2_lemuel
D:10:     layout_stronghold
D:11:     layout_irregular_city, ebering_ghost_xom
D:12:     layout_loops_ring, serial_shops, shop, minmay_joined_circles
D:13:     layout_cave_pools, david_vaults_1, enter_bailey_8,
          gauntlet_entry_generic, special_room [special_room_orc],
          minmay_misc_feat_more_columns, uniq_josephine
D:14:     minmay_isolated_rectangles_in_corner, layout_loops_corners,
          serial_bayou, serial_bayou_pond_a, serial_bayou_pond_d,
          serial_bayou_crossing, serial_bayou_ford_a, serial_park_gazebo
          [serial_park_minivault_5x5_3], serial_bayou_lagoon_a
D:15:     gammafunk_depths_entry_grave, layout_cave_pools,
          chequers_serial_rivers_room_a, minmay_crystal_water, uniq_nessos
Temple:   jpeg_temple_alley_garden
Lair:1:   layout_concentric_octagons, uniq_joseph
Lair:2:   layout_roguey, st_stairs_10, chequers_serial_rivers_small_a,
          bobbens_dragon_lair_wall
Lair:3:   layout_regular_city, swamp_mist
Lair:4:   layout_big_grid, guppyfry_snake_entry_island, lemuel_fruit_fields
Lair:5:   layout_layer_cave, st_stairs_13, minmay_hedge_maze,
          minmay_lair_oklob_chamber, infiniplex_staircase_pool_2, uniq_rupert,
          uniq_snorg
Lair:6:   cheibrodos_lair_end_hotspot, layout_regular_city,
          dpeg_slime_entry_enclosed_altar, nicolae_volcano_entry_two_sided,
          gammafunk_lair_bear_cave, uniq_sonja
Orc:1:    layout_caves, uniq_harold
Orc:2:    grunt_orc_cross, layout_caves, basic_altar, serial_shops, shop,
          nicolae_shop_crystal, nicolae_square_shop

Skill      XL: |  1  2  3  4  5  6  7  8  9 10 11 12 13 14 15 16 |
---------------+-------------------------------------------------+-----
Axes           | 3 4 5 6 7 9 10 12 13 14 15 16 | 16.9
Fighting       | 4 5 6 7 9 10 11 12 13 14 15 | 15.8
Armour         | 4 5 7 8 9 10 11 12 13 14 | 14.8
Shields        | 4 5 |  5.2
Slings         | 1 3 5 6 7 8 9 10 11 12 | 12.0
Invocations    | 4 7 8 |  8.3
Evocations     | 2 5 6 8 9 10 | 10.5

Action                   |  1- 3 |  4- 6 |  7- 9 | 10-12 | 13-15 | 16-18 || total
-------------------------+-------+-------+-------+-------+-------+-------++-------
Melee: War axe           |    90 |   180 |    13 |       |       |       ||   283
       Hand axe          |       |       |     4 |    14 |       |       ||    18
       Hunting sling     |       |       |     1 |       |       |       ||     1
       Broad axe         |       |       |       |    15 |   107 |    40 ||   162
 Fire: Hunting sling     |       |       |   321 |   630 |  1091 |   500 ||  2542
Invok: Heroism           |       |       |       |     2 |     2 |       ||     4
       Finesse           |       |       |       |     3 |     7 |     4 ||    14
Evoke: Wand              |       |       |       |     1 |       |       ||     1
  Use: Potion            |       |     4 |     1 |     4 |     3 |       ||    12
       Scroll            |       |     5 |     4 |     4 |    14 |     1 ||    28
Armor: Scale mail        |    65 |    74 |    55 |       |       |       ||   194
       Skin              |       |     4 |       |     6 |       |       ||    10
       Plate armour      |       |       |    43 |   207 |   336 |    75 ||   661
Dodge: Dodged            |    35 |    55 |    70 |   113 |   163 |    60 ||   496
       Repelled          |       |     1 |     2 |       |       |       ||     3
Block: Kite shield       |    57 |    91 |    12 |       |       |       ||   160
       Other             |       |       |       |    75 |    93 |    34 ||   202
       Reflection        |       |       |       |     7 |    15 |     4 ||    26

Table legend: (Time is in decaauts)
 A = Elapsed time spent in this place.
 B = Non-inter-level travel time spent in this place.
 C = Inter-level travel time spent in this place.
 D = Time resting spent in this place.
 E = Time spent auto-exploring this place.
 F = Levels seen in this place.
 G = Mean time per level.
                   A        B        C        D        E       F      G
               +--------+--------+--------+--------+--------+-----+--------+
         Total |  34661 |  32210 |   2451 |   2566 |  25006 |  25 | 1386.4 |
       Dungeon |  25304 |  23385 |   1919 |   2529 |  17862 |  15 | 1686.9 |
        Temple |     98 |     98 |      0 |      0 |     34 |   1 |   98.0 |
          Lair |   7757 |   7238 |    519 |     37 |   6179 |   6 | 1292.8 |
  Orcish Mines |   1217 |   1205 |     12 |      0 |    878 |   2 |  608.5 |
       Volcano |    283 |    283 |      0 |      0 |     53 |   1 |  283.0 |
               +--------+--------+--------+--------+--------+-----+--------+

Top non-repeatable levels by time:
    D:14: 3754 daAuts
    D:12: 2643 daAuts
     D:8: 2371 daAuts
    D:13: 2125 daAuts
     D:4: 1762 daAuts
  Lair:5: 1700 daAuts
  Lair:6: 1653 daAuts
    D:11: 1617 daAuts
     D:9: 1571 daAuts
     D:6: 1458 daAuts
  Lair:3: 1431 daAuts
  Lair:2: 1391 daAuts
     D:1: 1387 daAuts
     D:2: 1282 daAuts
     D:3: 1253 daAuts
